 Dungeon Crawl Stone Soup version 0.30.0-29-ga12c61a403 (webtiles) character file.

Game seed: 11937549907463988510

210 jagang the Conjurer (level 5, -6/31 HPs)
             Began as an Octopode Conjurer on June 7, 2023.
             Mangled by Duvessa
             ... wielding a +0 short sword
              (9 damage)
             ... on level 4 of the Dungeon.
             The game lasted 00:08:42 (3534 turns).

jagang the Conjurer (Octopode Conjurer)             Turns: 3534, Time: 00:08:42

Health: -6/31      AC:  1    Str:  6    XL:     5   Next: 87%
Magic:  1/9        EV: 13    Int: 22    God:
Gold:   135        SH:  5    Dex: 11    Spells: 7/10 levels left

rFire   . . .        s - +2 quarterstaff (chaos)
rCold   . . .        (shield currently unavailable)
rNeg    . . .        (helmet restricted)
rPois   +            m - amulet of reflection
rElec   .            c - ring of flight
rCorr   .            r - ring of poison resistance
SInv    .            (no ring)
Will    .....        (no ring)
Stlth   ++           (no ring)
HPRegen 0.25/turn    (no ring)
MPRegen 0.11/turn    (no ring)
                     (no ring)

%: reflection
@: lit by a corona, flying, glowing
A: almost no armour, amphibious, 8 rings, camouflage 1, gelatinous body 1,
(nimble swimmer 1), tentacles
a: no special abilities


You were on level 4 of the Dungeon.
You visited 1 branch of the dungeon, and saw 4 of its levels.

You collected 135 gold pieces.

Inventory:

Hand Weapons
 s - a +2 quarterstaff of chaos (weapon)
Jewellery
 c - a ring of flight (left tentacle)
 m - an amulet of reflection (around mantle)
 r - a ring of poison resistance (right tentacle)
Wands
 p - a wand of flame (28)
Scrolls
 b - a scroll of torment {unknown}
 g - 2 scrolls of poison {unknown}
 i - a scroll of amnesia {unknown}
 k - a scroll of immolation {unknown}
 l - 2 scrolls of teleportation {unknown}
 n - a scroll of blinking {unknown}
 q - 2 scrolls of identify {unknown}
 t - a scroll of vulnerability {unknown}
Potions
 a - 2 potions of magic
 d - a potion of mutation {unknown}
 e - a potion of brilliance {unknown}
 f - a potion of curing {unknown}
 h - a potion of lignification {unknown}
 j - a potion of might {unknown}
 o - a potion of degeneration {unknown}
 u - a potion of haste {unknown}


   Skills:
 + Level 3.0 Dodging
 + Level 4.4 Stealth
 + Level 3.0 Spellcasting
 * Level 5.3 Conjurations


You had 7 spell levels left.
You knew the following spells:

 Your Spells              Type           Power      Damage    Failure   Level
a - Magic Dart            Conj           100%       1d8       1%          1
b - Searing Ray           Conj           52%        2d6       1%          2

Your spell library contained the following spells:

 Spells                   Type           Power      Damage    Failure   Level
 Slow                     Hex            12%        N/A       12%         1
 Dazzling Flash           Conj/Hex       30%        N/A       12%         3
 Confusing Touch          Hex            3%         N/A       36%         3
 Vampiric Draining        Necr           3%         2d6       36%         3
 Fulminant Prism          Conj/Hex       7%         3d6       38%         4
 Iskenderun's Mystic Bla  Conj/Tloc      15%        2d5       38%         4


Dungeon Overview and Level Annotations

Branches:
Dungeon (4/15)
 Temple: D:4-7

Altars:
Yredelemnul

Annotations:
D:4 Duvessa


Innate Abilities, Weirdness & Mutations

You cannot wear most types of armour.
You are amphibious.
You can wear up to eight rings at the same time.
Your skin changes colour to match your surroundings (Stealth+).
Your rubbery body absorbs attacks. (AC +1, EV +1)
((You are camouflaged when in or above water. (Stealth+)))
You have tentacles for arms and can constrict up to eight enemies at once.


Message History

Aiming: Searing Ray (safe; 2% risk of failure)
Press: ? - help, Shift-Dir - straight line, f/p - Dowan
Aim: Dowan, wielding a +0 dagger of flaming and wearing a +0 robe (71% to hit)
The searing ray hits Dowan.
Dowan is moderately wounded. (Press . to maintain the ray.)
You block Dowan's attack.
The searing ray hits Dowan!
Dowan is severely wounded.
Dowan barely misses you.
The searing ray hits Dowan!
You kill Dowan!
You hear a distant scream of rage.
Your Dodging skill increases to level 3!
Your Spellcasting skill increases to level 3!
Things that are here:
a +0 dagger of flaming; a +0 robe Duvessa is nearby!
The magic dart hits Duvessa but does no damage.
Duvessa shouts!
Duvessa goes berserk!
You hear a shout!
You hear an angry hiss.
Casting: Magic Dart (safe; 1% risk of failure)
Confirm with . or Enter, or press ? or * to list all spells.
Aiming: Searing Ray (safe; 1% risk of failure)
Press: ? - help, Shift-Dir - straight line, f/p - Duvessa
Aim: Duvessa, wielding a +0 short sword and wearing a +0 ring mail (berserk, fast, 85% to hit)
The searing ray hits Duvessa but does no damage. (Press . to maintain the ray.)
You block Duvessa's attack.
A kobold comes into view. It is wielding a +0 short sword.
The searing ray hits Duvessa.
Duvessa is lightly wounded.
Duvessa hits you with a +0 short sword!
The searing ray hits Duvessa.
Duvessa is lightly wounded.
Duvessa hits you with a +0 short sword!
* * * LOW HITPOINT WARNING * * *
Duvessa hits you with a +0 short sword!
You die...

..........##........8.##...#
########.##.†.........#..8..
#.##.8........##.....
#.............#...(..
#.###.=......##......
#.#####...8..#.......
#....####...##.8..... #.##.#
###.'....†... #.##@#
#####...... ..##e# #...8
...##.# #.. ........ #
#....##K## #....##.# #.. #..
#.e


You could see Duvessa (berserk, fast) and a kobold.

Vanquished Creatures
  Dowan (D:4)
  Crazy Yiuf (D:3)
  An iguana (D:4)
  A howler monkey zombie (D:3)
  4 adders
  An adder zombie (D:3)
  A worm (D:2)
  3 dart slugs
  An orc (D:3)
  7 ball pythons
  3 endoplasms
  2 giant cockroaches
  6 goblins
  2 hobgoblins
  2 quokkas
  2 ball python zombies (D:3)
  3 bats
  6 frilled lizards
  5 kobolds
  4 rats
56 creatures vanquished.

Notes
Turn   | Place    | Note
-------+----------+-------------------------------------------
     0 | D:1      | jagang the Octopode Conjurer began the quest for the Orb.
     0 | D:1      | Reached XP level 1. HP: 11/11 MP: 3/3
   344 | D:1      | Reached XP level 2. HP: 17/17 MP: 0/5
  1227 | D:2      | Reached XP level 3. HP: 11/21 MP: 0/6
  1517 | D:2      | Identified the +3 scale mail of Jaxirph {Int+6}
  1630 | D:2      | Found a faded altar of an unknown god.
  1735 | D:2      | Reached XP level 4. HP: 27/27 MP: 3/7
  2306 | D:2      | Learned a level 2 spell: Searing Ray
  2707 | D:3      | Found a runed translucent door.
  2708 | D:3      | Noticed Crazy Yiuf
  3058 | D:3      | Found a basalt altar of Yredelemnul.
  3186 | D:3      | Killed Crazy Yiuf
  3187 | D:3      | Reached skill level 5 in Conjurations
  3187 | D:3      | Reached XP level 5. HP: 31/31 MP: 3/9
  3378 | D:4      | Noticed an ice beast
  3511 | D:4      | Noticed Dowan
  3522 | D:4      | Noticed Duvessa
  3526 | D:4      | Killed Dowan
  3534 | D:4      | Mangled by Duvessa

Illustrated notes

Levels and vault maps discovered:
D:1:      spicycebolla_arrival_xxxplode, layout_basic
D:2:      layout_basic, ebering_ecumenical_altar_box
D:3:      layout_rooms, nicolae_yredelemnul_corpse_copse,
          wander_ebering_terrifying_dragon_lair, uniq_crazy_yiuf_cottage
D:4:      minmay_skewed_foursquare, layout_rooms, okawaru_altar_gauntlet_db,
          lightli_temple_of_fire, zin_academy, uniq_duvessa, uniq_pikel

Skill      XL: |  1  2  3  4  5 |
---------------+----------------+-----
Stealth        | 3 4 |  4.4
Conjurations   | 5 |  5.3
Dodging        | 3 |  3.0
Spellcasting   | 3 |  3.0

Action                     |  1- 3 |  4- 6 || total
---------------------------+-------+-------++-------
  Melee: Unarmed           |    18 |     9 ||    27
         Constrict         |     7 |     6 ||    13
         Tentacles         |     5 |     3 ||     8
         Quarterstaff      |       |     9 ||     9
   Cast: Magic Dart        |    65 |    53 ||   118
         Searing Ray       |       |     3 ||     3
 Armour: Skin              |     3 |     1 ||     4
  Dodge: Dodged            |    12 |    15 ||    27
  Block: Other             |       |     5 ||     5
